 Dungeon Crawl Stone Soup version 0.19-a0-944-gb338e1e (webtiles) character file.

134 mistymad the Shooter (level 4, -10/40 HPs)
             Began as a Centaur Hunter on July 9, 2016.
             Mangled by Sigmund
             ... wielding a +0 scythe
              (11 damage)
             ... on level 3 of the Dungeon.
             The game lasted 00:04:53 (2802 turns).

mistymad the Shooter (Centaur Hunter)               Turns: 2802, Time: 00:04:54

Health: -10/40     AC:  5    Str: 14    XL:     4   Next: 95%
Magic:  4/4        EV:  9    Int: 10    God:
Gold:   127        SH:  0    Dex: 11    Spells: 0 memorised, 3 levels left

rFire  . . .     SeeInvis .     e - +0 falchion
rCold  . . .     Gourm    .     c - +0 leather armour
rNeg   . . .     Faith    .     (no shield)
rPois  .         Spirit   .     (no helmet)
rElec  .         Dismiss  .     p - +0 cloak
rCorr  .         Reflect  .     (no gloves)
SustAt .         Harm     .     (no barding)
MR     .....                    (no amulet)
Stlth  +.........               (no ring)
                                (no ring)

@: very quick, not resistant to hostile enchantments, very unstealthy
A: hooves 3, deformed body, speed 2, tough skin 3
a: no special abilities


You were on level 3 of the Dungeon.
You were not hungry.

You visited 1 branch of the dungeon, and saw 3 of its levels.

You collected 127 gold pieces.

Inventory:

Hand Weapons
 e - a +0 falchion (weapon)
 q - a +1 shortbow
Missiles
 d - 35 arrows
Armour
 c - a +0 leather armour (worn)
 p - a +0 cloak (worn)
Jewellery
 u - a cursed ring of teleportation {unknown}
Scrolls
 g - 6 scrolls of remove curse {unknown}
 i - 2 scrolls of enchant armour {unknown}
 k - 3 scrolls of recharging {unknown}
 l - 2 scrolls of amnesia {unknown}
 n - 4 scrolls of identify {unknown}
 o - a scroll of fear {unknown}
 s - a scroll of enchant weapon {unknown}
 w - a scroll of teleportation {unknown}
Potions
 a - a potion of curing {unknown}
 j - 2 potions of degeneration {unknown}
 m - a potion of agility {unknown}
 r - a potion of resistance {unknown}
 v - a potion of mutation {unknown}
Comestibles
 f - 5 bread rations
 h - 3 beef jerkies


   Skills:
 + Level 3.7 Fighting
 + Level 0.6 Long Blades
 + Level 6.9 Bows
 - Level 1.3 Dodging
 - Level 0.5 Stealth


You had 3 spell levels left.
You didn't know any spells.

Dungeon Overview and Level Annotations

Branches:
Dungeon (3/15)

Altars:
Sif Muna
Yredelemnul

Annotations:
D:3 Sigmund


Innate Abilities, Weirdness & Mutations

You have hooves in place of feet.
Armour fits poorly on your strangely shaped body.
You cover ground very quickly.
You have extremely tough skin. (AC +3)


Message History

Deactivating autopickup; reactivate with Ctrl-A.
Something hits you.
You take 2 damage, and have 38/40 hp.
You hit something. Something hits you.
You take 4 damage, and have 34/40 hp.
You hit something but do no damage. Something hits you.
You take 3 damage, and have 31/40 hp.
You closely miss something. You kick something. Something hits you.
You take 2 damage, and have 29/40 hp.
You hit something. Your kick misses something. Something hits you!
You take 7 damage, and have 22/40 hp.
You miss something. Something hits you!
* * * LOW HITPOINT WARNING * * *
You take 12 damage, and have 10/40 hp.
MASSIVE DAMAGE!!
You closely miss something. Your kick misses something. Something hits you!
* * * LOW HITPOINT WARNING * * *
You take 9 damage, and have 1/40 hp.
MASSIVE DAMAGE!!
You barely miss something. Something hits you!
You die...

#.............#...#
.##..#.#.###.#.##...#
.........###........#
###........###.##+###
..####.###)# #.#...## #.
#.###.# #......# #.
#..##.###.....(.
#..###.####..............)
.......{.@................
.......####...#.##.......[
##.#### ###.##.###.......
#.^....# ##.....# #.######
##...## #. ##+## . .# #.


There were no monsters in sight!

Vanquished Creatures
  An orc priest (D:3)
  2 adders
  5 worms
  3 dart slugs (D:1)
  3 giant geckos
  4 orcs (D:3)
  3 bats (D:1)
  5 giant cockroaches
  5 goblins
  6 hobgoblins
  A quokka (D:3)
  5 giant newts
  10 kobolds
  11 rats
64 creatures vanquished.

Notes
Turn   | Place    | Note
-------+----------+-------------------------------------------
     0 | D:1      | mistymad the Centaur Hunter began the quest for the Orb.
     0 | D:1      | Reached XP level 1. HP: 17/17 MP: 1/1
   487 | D:1      | Reached XP level 2. HP: 24/24 MP: 2/2
   960 | D:2      | Reached skill level 6 in Bows
   985 | D:2      | Reached XP level 3. HP: 24/30 MP: 3/3
  1022 | D:2      | Found a basalt altar of Yredelemnul.
  1786 | D:2      | Reached XP level 4. HP: 24/38 MP: 4/4
  2061 | D:3      | Found a deep blue altar of Sif Muna.
  2788 | D:3      | Noticed Sigmund
  2800 | D:3      | HP: 1/40 [something (9)]
  2802 | D:3      | Mangled by Sigmund

Vault maps used:
D:1:      lightli_arrival_lavapool, minmay_misc_feat_four_crosses
D:2:      nicolae_overflow_crystal_walls, first_bread
D:3:      lemuel_crystal_altar, grunt_ministairs_7, uniq_sigmund

Skill      XL: |  1  2  3 |
---------------+----------+-----
Bows           | 6 |  6.9
Fighting       | 3 |  3.7
Long Blades    | |  0.6
Dodging        | |  1.3
Stealth        | |  0.5

Action                   |  1- 3 |  4- 6 || total
-------------------------+-------+-------++-------
Melee: Short sword       |   155 |    26 ||   181
       Kick              |    28 |    13 ||    41
       Falchion          |       |    44 ||    44
 Fire: Shortbow          |    19 |    23 ||    42
  Eat: Chunk             |     1 |     4 ||     5
Armor: Leather armour    |    62 |    23 ||    85
Dodge: Dodged            |    54 |    31 ||    85
